 Dungeon Crawl Stone Soup version 0.21.1-1-g345015fe64 (webtiles) character file.

9770 KleinerIrrer the Covert (level 11, -4/75 HPs)
             Began as an Octopode Transmuter on Apr 15, 2018.
             Was a High Priest of Cheibriados.
             Slain by a skeletal warrior
             ... wielding a +0 scimitar
              (13 damage)
             ... on level 10 of the Dungeon on Apr 17, 2018.
             The game lasted 00:54:44 (10886 turns).

KleinerIrrer the Covert (Octopode Transmuter)      Turns: 10886, Time: 00:54:45

Health: -4/75      AC:  1    Str: 23    XL:     11   Next: 51%
Magic:  26/26      EV: 23    Int: 30    God:    Cheibriados [*****.]
Gold:   774        SH:  0    Dex: 27    Spells: 5/15 levels left

rFire    + . .     SeeInvis +   e - +7 dagger (venom)
rCold    . . .     Gourm    .   (no shield)
rNeg     . . .     Faith    .   (helmet restricted)
rPois    .         Spirit   .   h - amulet of regeneration
rElec    .         Reflect  .   l - ring of stealth
rCorr    .         Harm     .   y - ring of see invisible
MR       +....                  D - +3 ring of evasion
Stlth    +++++++++.             H - ring of wizardry
HPRegen  0.62/turn              L - ring of stealth
MPRegen  0.20/turn              i - ring of magical power
                                g - ring "Quno" {rF+ MR+ Int+3}
                                (no ring)

@: about to teleport, very slow
A: almost no armour, stealthy swim, amphibious, 8 rings, constrict 8, camouflage
1, gelatinous body 1
a: Bend Time, Temporal Distortion, Slouch, Step From Time, Renounce Religion


You were on level 10 of the Dungeon.
You worshipped Cheibriados.
Cheibriados was extremely pleased with you.
You were not hungry.

You visited 2 branches of the dungeon, and saw 12 of its levels.
You also visited: Sewer and Ossuary.

You collected 774 gold pieces.

Inventory:

Hand Weapons
 e - a +7 dagger of venom (weapon)
 G - a +0 blowgun
 M - a +2 shortbow of velocity
Missiles
 a - 114 arrows
 I - 97 poisoned needles
Magical Staves
 W - an uncursed staff of cold
Jewellery
 g - the ring "Quno" (on tentacle) {rF+ MR+ Int+3}
   (You acquired it on level 10 of the Dungeon)

   [ring of intelligence]

   It affects your intelligence (+3).
   It protects you from fire.
   It affects your resistance to hostile enchantments.
 h - an amulet of regeneration (around mantle)
 i - a ring of magical power (on tentacle)
 l - a ring of stealth (left tentacle)
 y - a ring of see invisible (right tentacle)
 A - an uncursed amulet of guardian spirit
 D - a +3 ring of evasion (on tentacle)
 H - a ring of wizardry (on tentacle)
 L - a ring of stealth (on tentacle)
Wands
 t - a wand of disintegration (7)
 C - a wand of scattershot (7)
 O - a wand of iceblast (14)
 Q - a wand of paralysis (13)
Scrolls
 f - 4 scrolls of enchant armour
 j - 4 scrolls of remove curse
 q - 3 scrolls of fear
 v - a scroll of teleportation
 w - 4 scrolls of fog
 F - 2 scrolls of vulnerability
 N - a scroll of identify
 S - a scroll of silence {unknown}
 V - a scroll of blinking {unknown}
 Y - a scroll of summoning {unknown}
Potions
 d - 9 potions of curing
 k - 4 potions of brilliance
 m - 2 potions of berserk rage {unknown}
 n - 2 potions of haste {unknown}
 p - 2 potions of might
 r - a potion of degeneration {unknown}
 s - 2 potions of magic
 u - a potion of agility {unknown}
 x - 2 potions of lignification {unknown}
 z - 2 potions of flight {unknown}
 T - 2 potions of ambrosia {unknown}
 Z - 2 potions of resistance {unknown}
Books
 b - a book of Changes

   Spells                             Type                      Level
   a - Beastly Appendage              Transmutation                1
   b - Sticks to Snakes               Transmutation                2
   c - Spider Form                    Transmutation/Poison         3
   d - Ice Form                       Ice/Transmutation            4
   e - Blade Hands                    Transmutation                5
 B - a book of Conjurations

   Spells                             Type                      Level
   a - Magic Dart                     Conjuration                  1
   b - Searing Ray                    Conjuration                  2
   c - Dazzling Spray                 Conjuration/Hexes            3
   d - Fulminant Prism                Conjuration/Hexes            4
   e - Force Lance                    Conjuration/Translocation    4
   f - Iskenderun's Mystic Blast      Conjuration                  4
 E - a book of Frost

   Spells                             Type                      Level
   a - Freeze                         Ice                          1
   b - Throw Frost                    Conjuration/Ice              2
   c - Ozocubu's Armour               Charms/Ice                   3
   d - Throw Icicle                   Conjuration/Ice              4
   e - Summon Ice Beast               Ice/Summoning                4
 P - a Necronomicon

   Spells                             Type                      Level
   a - Haunt                          Necromancy/Summoning         7
   b - Borgnjor's Revivification      Necromancy                   8
   c - Death's Door                   Charms/Necromancy            8
   d - Infestation                    Necromancy                   8
   e - Necromutation                  Transmutation/Necromancy     8
 U - a book of Air

   Spells                             Type                      Level
   a - Shock                          Conjuration/Air              1
   b - Swiftness                      Charms/Air                   2
   c - Static Discharge               Conjuration/Air              3
   d - Airstrike                      Air                          4
   e - Lightning Bolt                 Conjuration/Air              5
Comestibles
 c - 16 rations
 o - 9 chunks of flesh


   Skills:
 - Level 7.0 Fighting
 - Level 7.0 Dodging
 - Level 12.0 Stealth
 * Level 6.3 Unarmed Combat
 + Level 2.5 Spellcasting
 - Level 5.2 Charms
 + Level 4.3 Transmutations
 - Level 3.2 Ice Magic
 - Level 8.3 Invocations


You had 5 spell levels left.
You knew the following spells:

 Your Spells              Type           Power        Failure   Level  Hunger
a - Beastly Appendage     Tmut           ####..       1%          1    None
b - Sticks to Snakes      Tmut           ####....     1%          2    ##.....
c - Ozocubu's Armour      Chrm/Ice       ####....     1%          3    ###....
d - Ice Form              Ice/Tmut       ####....     6%          4    ####...


Dungeon Overview and Level Annotations

Branches:
Dungeon (11/15)            Temple (1/1) D:6            Lair (0/6) D:10
    Orc (0/2) D:10

Altars:
Ashenzari
Cheibriados
Dithmenos
Elyvilon
Fedhas
Gozag
Hepliaklqana
Kikubaaqudgha
Makhleb
Nemelex Xobeh
Okawaru
Qazlal
Ru
Sif Muna
Trog
Uskayaw
Vehumet
Wu Jian
Xom
Yredelemnul
Zin
The Shining One
Beogh

Annotations:
D:2 Sigmund


Innate Abilities, Weirdness & Mutations

You cannot wear most types of armour.
You are very stealthy in the water. (Stealth+)
You are amphibious.
You can wear up to eight rings at the same time.
You can use your tentacles to constrict eight enemies at once.
Your skin changes colour to match your surroundings (Stealth+).
Your rubbery body absorbs attacks. (AC +1, EV +1)


Message History

The skeletal warrior hits you with a scimitar!
Things that are here:
a dagger; a robe You feel sick.
The skeletal warrior closely misses you.
The skeletal warrior completely misses you.
The skeletal warrior hits you with a scimitar!!
The skeletal warrior hits you with a scimitar!!
* * * LOW HITPOINT WARNING * * *
There is a stone staircase leading up, spattered with blood here.
You climb upwards.
You feel sick.
There is a stone staircase leading down here.
Okay, then.
As you read the scroll of teleportation, it crumbles to dust.
You feel strangely unstable. The skeletal warrior barely misses you.
The skeletal warrior hits you with a scimitar!!
* * * LOW HITPOINT WARNING * * *
You feel better.
The skeletal warrior hits you with a scimitar!
You die...

######################
#...z@................
#......##......^......
#..##..##.(##.<.##..##
#..##..##..##...##..#
#..##..##..##...##..#
#..##..##..##...##..##
#..##..##.......##....
#..##...........##....
#..##..#...##.........


You could see a skeletal warrior.

Vanquished Creatures
  Fannar (D:10)
  Erolcha (D:10)
  An elephant (D:10)
  Psyche (D:9)
  A troll (D:10)
  Grinder (D:6)
  A hippogriff (D:7)
  Prince Ribbit (D:7)
  A spriggan (D:7)
  A yak (D:10)
  A steam dragon (D:9)
  A basilisk (D:10)
  A hungry ghost (D:10)
  Edmund (D:5)
  A water moccasin (D:11)
  A phantom (D:9)
  2 sky beasts
  4 orc warriors
  2 ice beasts
  3 centaurs
  An eye of draining (D:10)
  2 necrophages
  A crocodile (D:10)
  4 big kobolds
  8 bullfrogs
  Blork the orc (D:4)
  3 scorpions
  14 killer bees
  3 howler monkeys
  5 wights (D:11)
  6 crimson imps
  3 bullfrog zombies
  A centaur zombie (D:4)
  6 centaur skeletons
  6 hounds
  2 bullfrog skeletons
  3 orc priests
  4 jellies
  Jessica (D:2)
  12 mummies (Ossuary)
  3 iguanas
  8 orc wizards
  4 worker ants
  6 hound zombies
  2 hound skeletons
  A worker ant zombie (Ossuary)
  9 gnolls
  11 adders
  A river rat (Sewer)
  5 shadow imps
  7 oozes (Sewer)
  3 adder zombies (Ossuary)
  11 worms
  5 dart slugs
  5 leopard geckos
  32 orcs
  9 ball pythons
  6 giant cockroaches
  10 goblins
  5 hobgoblins
  6 jackals
  19 kobolds
  2 quokkas (D:9)
  7 bats
  5 frilled lizards
  2 leopard gecko zombies (Ossuary)
  A quokka skeleton (D:5)
  4 quokka zombies
  5 rats
307 creatures vanquished.

Vanquished Creatures (collateral kills)
  A mummy (Ossuary)
  A gnoll (D:3)
2 creatures vanquished.

Grand Total: 309 creatures vanquished

Notes
Turn   | Place    | Note
-------+----------+-------------------------------------------
     0 | D:1      | KleinerIrrer the Octopode Transmuter began the quest for the Orb.
     0 | D:1      | Reached XP level 1. HP: 13/13 MP: 3/3
    84 | D:1      | Reached skill level 1 in Stealth
   323 | D:1      | Reached XP level 2. HP: 18/18 MP: 5/5
   619 | D:1      | Reached skill level 2 in Stealth
  1113 | D:1      | Reached XP level 3. HP: 24/24 MP: 6/6
  1120 | D:1      | Learned a level 2 spell: Sticks to Snakes
  1170 | D:2      | Found a faded altar of an unknown god.
  1325 | D:2      | Reached skill level 3 in Stealth
  1535 | D:2      | Noticed Jessica
  1538 | D:2      | Killed Jessica
  1538 | D:2      | Reached XP level 4. HP: 30/30 MP: 7/7
  1851 | D:2      | Found a stormy altar of Qazlal.
  1882 | D:2      | Reached XP level 5. HP: 20/36 MP: 8/8
  2064 | D:2      | Noticed Sigmund
  2269 | D:3      | Reached skill level 4 in Stealth
  2765 | D:3      | Found a roughly hewn altar of Beogh.
  2799 | D:3      | Reached XP level 6. HP: 24/42 MP: 9/9
  2822 | D:3      | Reached skill level 5 in Stealth
  3556 | D:4      | Noticed Blork the orc
  3593 | D:4      | Killed Blork the orc
  3593 | D:4      | Reached XP level 7. HP: 48/48 MP: 10/10
  3656 | D:4      | Reached skill level 6 in Stealth
  3916 | D:4      | You fall through a shaft for 3 floors!
  3964 | D:7      | Noticed a hippogriff
  4238 | D:7      | Killed a hippogriff
  4238 | D:7      | Reached skill level 5 in Fighting
  4238 | D:7      | Reached skill level 5 in Dodging
  4238 | D:7      | Reached skill level 7 in Stealth
  4528 | D:7      | Found a sand-covered staircase.
  4535 | Ossuary  | Entered an ossuary
  4551 | Ossuary  | Reached XP level 8. HP: 47/55 MP: 11/11
  5135 | D:7      | Noticed Prince Ribbit
  5148 | D:7      | Killed Prince Ribbit
  5148 | D:7      | Reached skill level 8 in Stealth
  5456 | D:7      | Noticed a spriggan baker
  5459 | D:7      | Killed a spriggan baker
  5572 | D:6      | Reached skill level 9 in Stealth
  5604 | D:6      | Noticed Grinder
  5604 | D:6      | Reached XP level 9. HP: 63/63 MP: 12/12
  5614 | D:6      | Paralysed by Grinder for 2 turns
  5616 | D:6      | Killed Grinder
  5800 | D:6      | Found a staircase to the Ecumenical Temple.
  5822 | Temple   | Entered the Ecumenical Temple
  5924 | Temple   | Became a worshipper of Cheibriados the Contemplative
  6061 | D:6      | Reached skill level 1 in Invocations
  6099 | D:6      | Learned a level 3 spell: Ozocubu's Armour
  6592 | D:5      | Entered Level 5 of the Dungeon
  6596 | D:5      | Reached skill level 1 in Charms
  6643 | D:5      | Reached * piety under Cheibriados
  6682 | D:5      | Noticed Edmund
  6683 | D:5      | Found a glowing drain.
  6686 | D:5      | Killed Edmund
  6709 | Sewer    | Entered a sewer
  7061 | Sewer    | Reached skill level 10 in Stealth
  7440 | D:5      | Reached ** piety under Cheibriados
  8293 | D:8      | Reached XP level 10. HP: 71/71 MP: 13/13
  8366 | D:8      | Reached *** piety under Cheibriados
  8366 | D:8      | Reached skill level 5 in Invocations
  8737 | D:9      | Reached skill level 5 in Charms
  8806 | D:9      | Identified a scroll of acquirement
  8819 | D:8      | Learned a level 4 spell: Ice Form
  8834 | D:9      | Reached skill level 11 in Stealth
  9019 | D:9      | Reached skill level 1 in Ice Magic
  9035 | D:9      | Reached **** piety under Cheibriados
  9587 | D:9      | Noticed Psyche
  9590 | D:9      | Killed Psyche
  9759 | D:10     | Entered Level 10 of the Dungeon
  9759 | D:10     | Found an ornate altar of the Wu Jian Council.
  9774 | D:10     | Found a staircase to the Lair.
  9774 | D:10     | Noticed an elephant
  9804 | D:10     | Killed an elephant
  9804 | D:10     | Reached XP level 11. HP: 61/75 MP: 16/16
  9936 | D:10     | Reached skill level 5 in Unarmed Combat
 10004 | D:10     | Noticed Fannar
 10061 | D:10     | Killed Fannar
 10320 | D:10     | Found a staircase to the Orcish Mines.
 10378 | D:10     | Noticed Erolcha
 10482 | D:10     | Got a heavily runed amber ring
 10483 | D:10     | Identified the ring "Quno" {rF+ MR+ Int+3} (You acquired it on level 10 of the Dungeon)
 10508 | D:10     | Killed Erolcha
 10725 | D:11     | Reached ***** piety under Cheibriados
 10735 | D:11     | Reached skill level 12 in Stealth
 10841 | D:11     | Noticed a skeletal warrior
 10842 | D:11     | Noticed a skeletal warrior
 10869 | D:11     | Noticed a skeletal warrior
 10885 | D:10     | HP: 1/75 [skeletal warrior/scimitar (21)]
 10886 | D:10     | Slain by a skeletal warrior

Skill      XL: |  1  2  3  4  5  6  7  8  9 10 11 |
---------------+----------------------------------+-----
Stealth        | 1 2 3 4 5 7 9 10 11 12 | 12.0
Fighting       | 2 3 4 5 6 7 |  7.0
Dodging        | 3 4 5 6 7 |  7.0
Invocations    | 4 7 8 |  8.3
Charms         | 4 5 |  5.2
Ice Magic      | 2 3 |  3.2
Unarmed Combat | 4 6 |  6.3
Transmutations | 3 4 |  4.3
Spellcasting   | |  2.5

Action                   |  1- 3 |  4- 6 |  7- 9 | 10-12 || total
-------------------------+-------+-------+-------+-------++-------
Melee: Dagger            |    51 |   119 |   277 |   229 ||   676
       Constrict         |    12 |    34 |    63 |    43 ||   152
       Tentacles         |    10 |    30 |    67 |    84 ||   191
       Unarmed           |     3 |       |       |       ||     3
       Punch             |       |     1 |     7 |    21 ||    29
       Kick              |       |       |     3 |       ||     3
 Fire: Shortbow          |       |       |       |     7 ||     7
 Cast: Sticks to Snakes  |       |     3 |    10 |     4 ||    17
       Beastly Appendage |       |       |     1 |       ||     1
       Ozocubu's Armour  |       |       |     1 |     5 ||     6
  Use: Scroll            |     1 |     5 |    14 |     7 ||    27
       Potion            |       |     1 |       |     6 ||     7
 Stab: Sleeping          |    10 |    14 |    40 |    32 ||    96
       Distracted        |       |       |     3 |     1 ||     4
  Eat: Chunk             |     2 |     7 |     7 |     5 ||    21
       Ration            |       |       |     2 |       ||     2
Armor: Skin              |     3 |     3 |     8 |     9 ||    23
Dodge: Dodged            |    22 |    49 |   177 |   245 ||   493
